 Dungeon Crawl Stone Soup version 0.27.1-34-g3ba077fa99 (webtiles) character file.

Game seed: 8573087682788729863

3540 boopmooplesden the Carver (level 9, -6/81 HPs)
             Began as a Minotaur Fighter on Jan 18, 2022.
             Was a Follower of Okawaru.
             Mangled by an orc warrior (12 damage)
             ... in a bailey.
             The game lasted 00:10:53 (7540 turns).

boopmooplesden the Carver (Minotaur Fighter)        Turns: 7540, Time: 00:10:54

Health: -6/81      AC: 17    Str: 27    XL:     9   Next: 82%
Magic:  7/8        EV:  7    Int:  6    God:    Okawaru [*.....]
Gold:   404        SH: 12    Dex: 12    Spells: 8/8 levels left

rFire    . . .     SeeInvis .   a - +1 long sword
rCold    . . .     Faith    .   c - +0 kite shield
rNeg     . . .     Spirit   .   g - +1 plate armour
rPois    .         Reflect  .   (helmet restricted)
rElec    .         Harm     .   t - +0 cloak
rCorr    .         Rampage  .   (no gloves)
Will     .....                  h - +0 pair of boots
Stlth    ..........             (no amulet)
HPRegen  0.23/turn              j - +6 ring of strength
MPRegen  0.11/turn              (no ring)

@: no status effects
A: horns 2, retaliatory headbutt
a: Renounce Religion, Heroism


You were in a bailey.
You worshipped Okawaru.
Okawaru was aware of your devotion.
You visited 2 branches of the dungeon, and saw 9 of its levels.
You also visited: Bailey.

You collected 404 gold pieces.

Inventory:

Hand Weapons
 a - a +1 long sword (weapon)
Armour
 c - a +0 kite shield (worn)
 g - a +1 plate armour (worn)
 h - a +0 pair of boots (worn)
 t - a +0 cloak (worn)
 C - a +0 hat
Jewellery
 e - a ring of willpower
 f - an amulet of guardian spirit
 i - a ring of wizardry
 j - a +6 ring of strength (left hand)
 k - an amulet of faith
 o - a ring of resist corrosion
Wands
 x - a wand of mindburst (6)
 y - a wand of polymorph (6)
 B - a wand of paralysis (7)
Scrolls
 d - a scroll of identify
 l - 2 scrolls of magic mapping
 m - 2 scrolls of amnesia
 n - 2 scrolls of fear
 p - 2 scrolls of teleportation
 D - a scroll of silence
Potions
 b - a potion of berserk rage
 q - a potion of cancellation
 r - a potion of haste
 s - a potion of degeneration
 u - a potion of flight
 v - a potion of resistance {unknown}
 w - 2 potions of might
 z - a potion of magic
 A - a potion of invisibility


   Skills:
 + Level 8.2 Fighting
 + Level 9.8 Long Blades
 + Level 9.0 Armour
 + Level 1.9 Dodging
 + Level 0.6 Stealth
 + Level 8.9 Shields
 + Level 0.2 Evocations


You had 8 spell levels left.
You didn't know any spells.
Your spell library contained the following spells:

 Spells                   Type           Power      Damage    Failure   Level
 Animate Skeleton         Necr           0%         N/A       100%        1
 Pain                     Necr           0%         1d4       100%        1
 Vampiric Draining        Necr           0%         2d6       100%        3


Dungeon Overview and Level Annotations

Branches:
Dungeon (8/15)             Temple (1/1) D:7          Bailey (1/1)
   Lair: D:8-11

Altars:
Ashenzari
Elyvilon
Fedhas
Gozag
Makhleb
Nemelex Xobeh
Okawaru
Ru
Sif Muna
Trog
Uskayaw
Vehumet
Xom
Zin
The Shining One

Shops:
D:1 ?   D:3 [


Innate Abilities, Weirdness & Mutations

You have a pair of horns on your head.
You reflexively headbutt those who attack you in melee.


Message History

The orc hits you from afar with a +0 trident.
The orc warrior hits you with a +0 halberd.
You block the orc's attack.
You barely miss the orc warrior.
The orc warrior is heavily wounded.
You block the orc warrior's attack.
The orc warrior hits you with a +0 spear!
You block the orc's attack. x2
You hit the orc warrior.
The orc warrior is severely wounded.
The orc warrior hits you with a +0 halberd!
* * * LOW HITPOINT WARNING * * *
You block the orc's attack. You block the orc warrior's attack.
The orc warrior hits you but does no damage.
You hit the orc warrior.
The orc warrior is almost dead.
You block the orc's attack. The orc hits you but does no damage.
The orc barely misses you. You block the orc warrior's attack.
The orc warrior hits you with a +0 halberd.
* * * LOW HITPOINT WARNING * * *
Your plate armour prevents you from hitting the orc warrior.
You headbutt the orc warrior.
The orc warrior is almost dead.
The orc warrior hits you with a +0 spear.
* * * LOW HITPOINT WARNING * * *
The orc closely misses you. You block the orc's attack. x2
You block the orc warrior's attack. You block the orc warrior's attack.
The orc warrior hits you but does no damage.
You block the orc's attack.
The orc warrior hits you from afar with a +0 halberd!
* * * LOW HITPOINT WARNING * * *
The orc warrior hits you but does no damage.
You block the orc warrior's attack.
You feel like a meek peon again.
The orc warrior hits you but does no damage.
There is a gate leading back out of this place here.
You block the orc warrior's attack.
The orc warrior hits you from afar with a +0 halberd!
You die...

#.......#
#.......#
#....).o#
#...).)o#
#..)))).#
#....).o#
#.....oo#
#.......#
#∩.....@#
#.......#
##..∩..##
#######


You could see 3 orc warriors and 2 orcs.

Vanquished Creatures
  A cyclops (D:8)
  A centaur zombie (D:5)
  A troll (D:7)
  3 yaks (D:6)
  A black bear (D:7)
  A hornet zombie (D:7)
  2 sky beasts
  A necrophage (D:6)
  The ghost of pkoi the Ruffian, an amateur DrMo (D:3)
  3 ogres
  A phantom (D:5)
  3 centaurs
  2 bullfrogs
  3 scorpions (D:6)
  The ghost of cbfl8 the Sneak, a weakling MiDe (D:3)
  3 killer bees (D:8)
  The ghost of vvl the Skirmisher, a weakling DsBe of Trog (D:3)
  The ghost of Ironcache the Skirmisher, a weakling HuMo of Xom (D:3)
  2 howler monkeys (D:8)
  A bullfrog zombie (D:5)
  A bullfrog skeleton (D:7)
  2 hounds
  A jelly (D:3)
  2 centaur skeletons
  An orc wizard (D:8)
  An iguana (D:4)
  The ghost of cbfl8 the Sneak, a weakling MiDe (D:3)
  3 gnolls (D:4)
  5 adders
  A shadow imp (D:6)
  An ufetubus (D:6)
  An adder skeleton (D:4)
  2 dart slugs (D:1)
  21 orcs
  8 endoplasms
  5 giant cockroaches
  10 goblins
  3 hobgoblins
  6 jackals
  6 kobolds
  6 quokkas
  5 ball pythons
  6 bats
  3 frilled lizards (D:3)
  7 rats
141 creatures vanquished.

Vanquished Creatures (others)
  2 wights (D:8)
2 creatures vanquished.

Grand Total: 143 creatures vanquished

Notes
Turn   | Place    | Note
-------+----------+-------------------------------------------
     0 | D:1      | boopmooplesden the Minotaur Fighter began the quest for the
                  | Orb.
     0 | D:1      | Reached XP level 1. HP: 19/19 MP: 0/0
    94 | D:1      | Reached XP level 2. HP: 9/27 MP: 1/1
   509 | D:1      | Reached XP level 3. HP: 27/33 MP: 2/2
   563 | D:1      | Found a faded altar of an unknown god.
   822 | D:1      | Found Gynum's Magic Scroll Boutique.
  1617 | D:3      | Found a shimmering blue altar of Sif Muna.
  1681 | D:3      | Found an opulent altar of Gozag.
  1809 | D:3      | Reached XP level 4. HP: 36/41 MP: 3/3
  2103 | D:3      | Found Qeamush's Antique Armour Shop.
  2386 | D:3      | Noticed Ironcache's ghost (weakling HuMo)
  2388 | D:3      | Found a runed translucent gate.
  2388 | D:3      | Found a runed translucent gate.
  2388 | D:3      | Noticed cbfl8's ghost (weakling MiDe)
  2388 | D:3      | Noticed pkoi's ghost (amateur DrMo)
  2388 | D:3      | Noticed cbfl8's ghost (weakling MiDe)
  2388 | D:3      | Noticed vvl's ghost (weakling DsBe)
  2392 | D:3      | Found a runed translucent gate.
  2507 | D:4      | Noticed an ogre
  2541 | D:4      | Noticed an ogre
  2545 | D:4      | Killed an ogre
  2546 | D:4      | Reached XP level 5. HP: 47/47 MP: 4/4
  2578 | D:4      | Killed an ogre
  2579 | D:4      | Reached skill level 5 in Fighting
  2579 | D:4      | Reached skill level 1 in Dodging
  2579 | D:4      | Reached XP level 6. HP: 23/56 MP: 5/5
  2811 | D:4      | Found a blossoming altar of Fedhas.
  2826 | D:4      | Reached skill level 5 in Long Blades
  2990 | D:4      | Found a sparkling altar of Nemelex Xobeh.
  3089 | D:4      | Reached skill level 5 in Armour
  3463 | D:5      | Entered Level 5 of the Dungeon
  3485 | D:5      | Reached skill level 5 in Shields
  3487 | D:5      | Noticed a sky beast
  3500 | D:5      | HP: 2/56 [sky beast (6)]
  3513 | D:5      | Killed a sky beast
  3514 | D:5      | Reached XP level 7. HP: 10/61 MP: 6/6
  3992 | D:5      | Reached XP level 8. HP: 63/70 MP: 7/7
  4402 | D:3      | Killed cbfl8's ghost
  4409 | D:3      | Killed pkoi's ghost
  4412 | D:3      | Killed vvl's ghost
  4414 | D:3      | Killed Ironcache's ghost
  4417 | D:3      | Killed cbfl8's ghost
  4684 | D:6      | Found a burning altar of Makhleb.
  5087 | D:6      | Reached XP level 9. HP: 69/80 MP: 8/8
  5682 | D:7      | HP: 4/80 [hornet zombie (10)]
  5683 | D:7      | Found a staircase to the Ecumenical Temple.
  5794 | Temple   | Entered the Ecumenical Temple
  6091 | Temple   | Became a worshipper of Warmaster Okawaru
  6329 | D:7      | Noticed a troll
  6337 | D:7      | Killed a troll
  6614 | D:7      | Noticed an angel
  6615 | D:7      | Found a glowing silver altar of Zin.
  6773 | D:8      | Reached * piety under Okawaru
  6915 | D:8      | Found a radiant altar of Vehumet.
  6982 | D:8      | Noticed a cyclops
  6994 | D:8      | Killed a cyclops
  7026 | D:8      | Found a glowing golden altar of the Shining One.
  7045 | D:8      | Found a bloodstained altar of Trog.
  7047 | D:8      | Found a broken altar of Ashenzari.
  7348 | D:8      | Found a flagged portal.
  7363 | Bailey   | Entered a bailey
  7530 | Bailey   | HP: 4/81 [orc warrior (7)]
  7540 | Bailey   | Mangled by an orc warrior

Illustrated notes

Levels and vault maps discovered:
D:1:      minmay_arrival_wavy_path, layout_rooms,
          shapermc_ecumenical_altar_starsandcircs, serial_shops,
          nicolae_lakefront_shop
D:2:      layout_basic
D:3:      minmay_bubble_buster, layout_loops_ring, grunt_gozag_breadcrumbs,
          lemuel_round_altar, gammafunk_ghost_cemetery, serial_shops,
          nicolae_shop_trees
D:4:      layout_basic, mainiacjoe_overflow_paths, fedhas_ov_isle_minmay
D:5:      layout_cave_pools
D:6:      layout_cave_pods, lemuel_crystal_altar
D:7:      layout_rooms, zin_angel, minmay_temple_entry_stoned_glass,
          serial_rivers, chequers_serial_rivers_micro_b,
          chequers_serial_rivers_micro_a, chequers_serial_rivers_small_b,
          chequers_serial_rivers_large_a, chequers_serial_rivers_micro_b
D:8:      layout_basic, pf_just_have_faith, nicolae_qazlal_scattered_showers,
          grunt_temple_overflow_diamond, enter_bailey_3,
          minmay_misc_feat_ornament, nicolae_shop_clearance
Temple:   nicolae_temple_figure_zero
Bailey:   bailey_polearm_5, bailey

Skill      XL: |  1  2  3  4  5  6  7  8  9 |
---------------+----------------------------+-----
Fighting       | 4 5 7 8 |  8.2
Armour         | 4 5 6 7 9 |  9.0
Shields        | 4 5 7 8 |  8.9
Long Blades    | 3 4 6 7 8 9 |  9.8
Dodging        | 1 |  1.9
Stealth        | |  0.6
Evocations     | |  0.2

Action                   |  1- 3 |  4- 6 |  7- 9 || total
-------------------------+-------+-------+-------++-------
Melee: Long sword        |    91 |   104 |   223 ||   418
       Headbutt          |    14 |    24 |    76 ||   114
Invok: Heroism           |       |       |     2 ||     2
Evoke: Wand              |       |       |     3 ||     3
  Use: Scroll            |     5 |       |    13 ||    18
       Potion            |       |     3 |     2 ||     5
Armor: Scale mail        |    46 |     1 |       ||    47
       Plate armour      |       |    50 |   202 ||   252
Dodge: Dodged            |    36 |    18 |    82 ||   136
Block: Kite shield       |    60 |    59 |   227 ||   346
       Rpst.: Long sword |    14 |     5 |    15 ||    34
